 Dungeon Crawl Stone Soup version 0.30.1-11-g7821555f0a (webtiles) character file.

Game seed: 15953864416245599969

167 Taita the Grave Robber (level 5, -5/40 HPs)
             Began as a Hill Orc Necromancer on Dec 15, 2023.
             Slain by an ogre
             ... wielding a +0 giant club
              (33 damage)
             ... on level 4 of the Dungeon.
             The game lasted 00:07:04 (1390 turns).

Taita the Grave Robber (Hill Orc Necromancer)       Turns: 1390, Time: 00:07:04

Health: -5/40      AC:  2    Str: 11    XL:     5   Next: 48%
Magic:  0/8        EV: 12    Int: 17    God:
Gold:   65         SH:  0    Dex: 11    Spells: 1/8 levels left

rFire   . . .        h - staff of poison
rCold   . . .        (no shield)
rNeg    . . .        a - +0 robe
rPois   +            (no helmet)
rElec   .            (no cloak)
rCorr   .            (no gloves)
SInv    .            (no boots)
Will    .....        (no amulet)
Stlth   ++           (no ring)
HPRegen 0.26/turn    (no ring)
MPRegen 0.11/turn

%: no passive effects
@: weak-willed, very slightly contaminated
A: no striking features
a: no special abilities


You were on level 4 of the Dungeon.
You visited 1 branch of the dungeon, and saw 4 of its levels.

You collected 65 gold pieces.

Inventory:

Missiles
 g - 3 atropa-tipped darts
Armour
 a - a +0 robe (worn)
Magical Staves
 h - a staff of poison (weapon)
Jewellery
 k - a ring of flight
Scrolls
 c - a scroll of amnesia
Potions
 e - a potion of heal wounds {unknown}
 j - a potion of lignification {unknown}


   Skills:
 * Level 1.2 Fighting
 * Level 0.6 Throwing
 * Level 1.0 Armour
 * Level 2.1 Dodging
 * Level 1.8 Stealth
 * Level 2.3 Spellcasting
 * Level 0.5 Hexes
 * Level 4.9 Necromancy
 * Level 0.4 Poison Magic
 * Level 0.6 Evocations


You had one spell level left.
You knew the following spells:

 Your Spells              Type           Power      Damage    Failure   Level
a - Necrotise             Necr           72%        1d7       2%          1
b - Tukima's Dance        Hex            3%         N/A       41%         3
c - Vampiric Draining     Necr           18%        2d7       8%          3

Your spell library contained the following spells:

 Spells                   Type           Power      Damage    Failure   Level
 Shock                    Conj/Air       4%         1d3       19%         1
 Animate Dead             Necr           18%        N/A       24%         4
 Swiftness                Air            1%         N/A       50%         3
 Agony                    Necr           18%        N/A       56%         5
 Airstrike                Air            0%         2d(1-17)  88%         4
 Passage of Golubria      Tloc           1%         N/A       88%         4
 Yara's Violent Unravell  Hex/Tmut       1%         3d3       99%         5


Dungeon Overview and Level Annotations

Branches:
Dungeon (4/15)             Temple (0/1) D:4

Altars:

Annotations:
D:3 Natasha


Message History

Nothing appears to happen.
The ogre misses you.
Unknown command.
Casting: Tukima's Dance (quite dangerous; 41% risk of failure)
Confirm with . or Enter, or press ? or * to list all spells.
The spell is quite dangerous to miscast (41% risk of failure)!
Continue anyway?
Aiming: Tukima's Dance (quite dangerous; 41% risk of failure)
Press: ? - help, Shift-Dir - straight line, f/p - ogre
Aim: an ogre, wielding a +0 giant club (chance to affect: 36%)
You miscast Tukima's Dance.
Nothing appears to happen.
Unknown command.
Casting: Tukima's Dance (quite dangerous; 41% risk of failure)
Confirm with . or Enter, or press ? or * to list all spells.
Aiming: Necrotise (safe; 2% risk of failure)
Press: ? - help, Shift-Dir - straight line, f/p - ogre
Aim: an ogre, wielding a +0 giant club (chance to affect: 76%)
Okay, then.
Aiming: Necrotise (safe; 2% risk of failure)
Press: ? - help, Q - select action, (/) - cycle Shift-Dir - straight line, f/p - ogre
Aim: an ogre, wielding a +0 giant club (chance to affect: 76%)
The ogre writhes in agony.
The ogre hits you with a +0 giant club.
Unknown command.
Aiming: Necrotise (safe; 2% risk of failure)
Press: ? - help, Q - select action, (/) - cycle Shift-Dir - straight line, f/p - ogre
Aim: an ogre, wielding a +0 giant club (lightly wounded, chance to affect: 76%)
The ogre writhes in agony.
The ogre closely misses you.
Unknown command.
Okay, then.
As you read the scroll labelled UDDIKK DATWEOMP, it crumbles to dust.
You feel aware of your surroundings.
You sensed 1 shop/portal.
It was a scroll of magic mapping.
As you read the scroll labelled DENEDI WULOFAOSO, it crumbles to dust.
The creatures around you are filled with an inner flame!
It was a scroll of immolation.
The ogre hits you with a +0 giant club!
As you read the scroll labelled ATEITAAWOE, it crumbles to dust.
Magic quickly surges around you.
It was a scroll of vulnerability.
The ogre hits you with a +0 giant club!!
Ouch! That really hurt!
You die...

,,,,*,,,,,,,,,,,,,,,,*
*****,,,>,,,,,,,,,,,,*
,,,,,,,,,,,,,,,######*
,,,,,,,,,,*****#....#
,,,,,,,,,,*,,,,.....#
,,,,,,,,,,+,,,*#.?..#
,,,,,,,,,,*,,,*#....#
*###############O...#
*...............@...#
*...................#
*#######'#######....#
,,,* #........######
,,,* #........# ,,,*
#........# ,,,*
#........####### ****
#######'#†.....#
*,,J..+.<....#


You could see an ogre (inner flame, weak-willed).

Vanquished Creatures
  A water moccasin (D:4)
  Natasha (D:3)
  A worm (D:3)
  An orc (D:2)
  3 ball pythons
  4 endoplasms
  2 giant cockroaches
  3 goblins
  A hobgoblin (D:1)
  3 jackals (D:1)
  A quokka (D:3)
  4 bats
  A frilled lizard (D:2)
  A kobold (D:1)
  A rat (D:2)
28 creatures vanquished.

Vanquished Creatures (collateral kills)
  A bat (D:2)
  An endoplasm (D:1)
  A goblin (D:3)
3 creatures vanquished.

Grand Total: 31 creatures vanquished

Notes
Turn   | Place    | Note
-------+----------+-------------------------------------------
     0 | D:1      | Taita the Hill Orc Necromancer began the quest for the Orb.
     0 | D:1      | Reached XP level 1. HP: 14/14 MP: 3/3
    88 | D:1      | Reached XP level 2. HP: 10/20 MP: 0/4
   462 | D:2      | Reached XP level 3. HP: 27/27 MP: 2/5
   466 | D:2      | Learned a level 3 spell: Tukima's Dance
   602 | D:3      | Noticed Natasha
   609 | D:3      | Killed Natasha
   620 | D:3      | Noticed Natasha
  1156 | D:3      | Reached XP level 4. HP: 22/34 MP: 2/7
  1210 | D:3      | Learned a level 3 spell: Vampiric Draining
  1217 | D:4      | Noticed a water moccasin
  1227 | D:4      | Killed a water moccasin
  1228 | D:4      | Reached skill level 1 in Fighting
  1228 | D:4      | Reached skill level 1 in Armour
  1228 | D:4      | Reached XP level 5. HP: 18/40 MP: 4/8
  1380 | D:4      | Noticed an ogre
  1390 | D:4      | Slain by an ogre

Illustrated notes

Levels and vault maps discovered:
D:1:      scummos_arrival_star, layout_loops_cross
D:2:      layout_loops_ring, shapermc_ecumenical_altar_ellora
D:3:      layout_basic, uniq_natasha
D:4:      layout_gridville, temple_fountains, gammafunk_ghost_abyssal_escape,
          uniq_crazy_yiuf_cottage

Skill      XL: |  1  2  3  4 |
---------------+-------------+-----
Spellcasting   | 2 |  2.3
Fighting       | 1 |  1.2
Armour         | 1 |  1.0
Dodging        | 2 |  2.1
Throwing       | |  0.6
Stealth        | |  1.8
Hexes          | |  0.5
Necromancy     | |  4.9
Poison Magic   | |  0.4
Evocations     | |  0.6

Action                     |  1- 3 |  4- 6 || total
---------------------------+-------+-------++-------
  Melee: Unarmed           |     3 |       ||     3
         Staff             |    24 |     2 ||    26
         Punch             |     1 |       ||     1
   Cast: Necrotise         |    43 |     6 ||    49
         Vampiric Draining |       |     2 ||     2
    Use: Scroll            |     3 |     3 ||     6
         Potion            |       |     1 ||     1
 Armour: Robe              |    12 |     2 ||    14
  Dodge: Dodged            |    39 |     7 ||    46
